[Event "Khanty-Mansiysk FIDE GP (Women)"]
[Site "Khanty-Mansiysk"]
[Date "2014.04.17"]
[Round "8"]
[White "Zhao, Xue"]
[Black "Hou, Yifan"]
[Result "1/2-1/2"]
[ECO "A17"]
[WhiteElo "2552"]
[BlackElo "2618"]
[Annotator "ChessBase Website"]
[PlyCount "101"]
[EventDate "2014.04.09"]
[EventType "tourn"]
[EventRounds "11"]
[EventCountry "RUS"]
[EventCategory "10"]
[SourceTitle "CBM 160"]
[Source "ChessBase"]
[SourceDate "2014.05.15"]
[SourceVersion "1"]
[SourceVersionDate "2014.05.15"]
[SourceQuality "1"]
[TimeControl "40/5400+30:1800+30"]
[WhiteClock "1:30:00"]
[BlackClock "1:30:00"]

1. c4 b6 2. Nc3 e6 3. e4 Bb7 4. Nf3 Nf6 5. e5 Ne4 6. Nxe4 (6. Bd3 Nxc3 7. dxc3 Be7 8. Qe2 d6 9. Bf4 Nd7 10. O-O-O Bxf3 11. Qxf3
Bg5 12. exd6 cxd6 13. Bxg5 Qxg5+ 14. Kb1 Ke7 15. h4 Qc5 16. Be2 Rhd8 17. Rd4
Rac8 18. Rhd1 Nf6 19. g4 h6 20. a3 Rc7 21. Qe3 Ne8 22. f4 Rcd7 23. g5 g6 24. b4
Qc6 25. h5 gxh5 26. f5 Rc8 27. fxe6 fxe6 28. Rf1 Qg2 29. gxh6 Nf6 30. Rg1 Qh2
31. Rg7+ Kd8 32. Qxe6 Kc7 33. Qxf6 Re8 34. Rxd7+ Kxd7 35. Bd1 Re3 {Potkin,V 
(2647)-Riazantsev,A (2708) Khanty-Mansiysk 2013 1-0}) 6... Bxe4 7. Be2 d6 8. O-O Nd7 9. d3 Bb7 10. Bf4 dxe5 11. Nxe5 Bd6 12. d4 Qf6 13. Bf3 c6 14. Bg3 Nxe5 15. dxe5 Bxe5 16. Qa4 $44 {[%emt 0:00:04][%csl Rc6]
Hou Yifan employed the same system she used against Stefanova earlier, except
now Zhao Xue's pawn was not on d4 just yet. This gave both players interesting
possibilities, and Zhao Xue sacrificed a pawn for a small initiative. This was
never full compensation for the pawn, but it was enough to hold equality on
most lines and eventually the game turned into a drawish endgame.} O-O 17. Rad1 Bd4 18. Bxc6 Bxc6 19. Qxc6 Bxb2 20. Rd7 h6 21. Bd6 Rfe8 22. Rxa7 Rxa7 23. Qxe8+ Kh7 24. Qb8 Ra4 25. Qxb6 Rxc4 26. Bc5 Be5 27. Be3 Qf5 28. h3 Qd3 29. Qb1 Qg6 30. Rc1 Re4 31. Qd3 h5 32. Kf1 Ra4 33. Qb3 Qe4 34. Qc2 Qxc2 35. Rxc2 Kg6 36. Ke2 Kf5 37. Kd3 g5 38. Bc5 g4 39. hxg4+ hxg4 40. g3 Ra8 41. a3 Bc7 42. Rc4 e5 43. a4 Ba5 44. Be3 f6 45. Kc2 Be1 46. Bb6 Ra6 47. Be3 Ra8 48. Kd1 Ba5 49. Kc2 Be1 50. Kd1 Ba5 51. Kc2 1/2-1/2

[Event "Cappelle op 32nd"]
[Site "Cappelle la Grande"]
[Date "2016.02.13"]
[Round "1"]
[White "Gharamian, Tigran"]
[Black "Bulmaga, Irina"]
[Result "1/2-1/2"]
[ECO "A17"]
[WhiteElo "2643"]
[BlackElo "2395"]
[Annotator "Primel,D"]
[PlyCount "47"]
[EventDate "2016.02.13"]
[EventType "swiss"]
[EventRounds "9"]
[EventCountry "FRA"]
[SourceTitle "EXT 2017"]
[Source "ChessBase"]
[SourceDate "2016.10.25"]
[SourceVersion "1"]
[SourceVersionDate "2016.10.25"]
[SourceQuality "1"]
[TimeControl "40/5400+30:1800+30"]
[WhiteClock "1:30:00"]
[BlackClock "1:30:00"]

1. Nf3 {Début d'un tournoi décevant pour le nordiste} Nf6 2. c4 b6 3. g3 Bb7
4. Bg2 e6 5. O-O Be7 6. Nc3 O-O 7. Re1 d5 8. cxd5 Nxd5 9. Nxd5 exd5 10. d4 Nd7
11. Bf4 (11. b3 Re8 12. Bb2 Bb4 13. Nd2 Nf6 14. a3 Bd6 15. Nc4 Bf8 16. Qc2 Ne4
17. Ne5 f6 18. Nd3 Bd6 19. f3 Ng5 20. Nf2 c5 21. dxc5 Bxc5 22. b4 Be3 23. Qd3
Re7 24. Kh1 Qd6 25. Rad1 Rae8 26. Ne4 Qe6 27. Nc3 d4 28. Nb5 Ba6 29. Bxd4 Bxd4
30. Nxd4 Bxd3 31. Nxe6 Bxe2 32. Rxe2 Nxe6 33. f4 Kf8 34. Bc6 Rc8 35. Ba4 Nc7
36. Rxe7 Kxe7 37. Rd7+ Kf8 38. Bb3 Nb5 39. Rf7+ Ke8 40. Rxg7 Rc1+ {Bu,X (2681)
-Zhao,J (2621) China 2015 1-0}) 11... c5 12. Rc1 Re8 13. Qc2 $146 (13. Rc2 g5
14. Bc1 Bf6 15. dxc5 bxc5 16. Nd2 Qe7 17. Nf1 Rad8 18. Ne3 Nb6 19. Nf5 Qc7 20.
Qd3 Bc8 21. Bh3 Nc4 22. Qf3 Nd6 23. Nh6+ Kg7 24. Bxc8 Qxc8 25. Rd1 Ne4 26. Ng4
Be7 27. b4 Qe6 28. Bb2+ f6 29. bxc5 h5 30. Ne3 Bxc5 31. Bd4 Bxd4 32. Nf5+ Kg6
33. Nxd4 Qd7 34. Rdc1 Rc8 35. Qd3 Kh6 36. Qa6 Rxc2 37. Rxc2 Rb8 38. Qe6 Qxe6
39. Nxe6 Rb6 40. Nd4 Kg6 41. f3 Nd6 42. Rc5 Ra6 {Bewersdorff,O (2343)-Kabir,R 
(2027) Griesheim 2003 1-0 (70)}) 13... c4 14. Nd2 b5 15. e4 Nf8 16. e5 Qb6 17.
Be3 Ne6 18. f4 Bb4 19. a3 Nxd4 20. Qd1 Bxd2 21. Qxd2 Nb3 22. Qf2 d4 23. Bxd4
Nxd4 24. Bxb7 (24. Bxb7 Qxb7 25. Qxd4 Rad8 $132 ) 1/2-1/2

[Event "Rohde op 12th"]
[Site "Sautron"]
[Date "2012.11.03"]
[Round "9"]
[White "Zubarev, Alexander2"]
[Black "Le Roux, Jean Pierre"]
[Result "1/2-1/2"]
[ECO "A17"]
[WhiteElo "2583"]
[BlackElo "2563"]
[Annotator "Primel,D"]
[PlyCount "69"]
[EventDate "2012.10.27"]
[EventType "swiss"]
[EventRounds "9"]
[EventCountry "FRA"]
[SourceTitle "EXT 2014"]
[Source "ChessBase"]
[SourceDate "2013.11.20"]
[SourceVersion "1"]
[SourceVersionDate "2013.11.20"]
[SourceQuality "1"]
[TimeControl "40/5400+30:1800+30"]
[WhiteClock "1:30:00"]
[BlackClock "1:30:00"]

1. Nf3 Nf6 2. c4 e6 (2... b6 3. g3 Bb7 4. Bg2 c5 5. O-O g6 {Conduit а la variante
hérisson}) 3. Nc3 Bb4 {[%emt 0:01:44] La variante Nimzo
anglaise} 4. Qc2 (4. g4 $5) 4...
c5 {[%emt 0:00:10] Garde la paire de B} (4... O-O {La grande ligne} 5. a3 Bxc3
6. Qxc3 b6 7. b4 Bb7 8. Bb2 $14) 5. a3 Ba5 6.
e3 (6. g3 {L'alternative} Nc6 7. Bg2 O-O 8. O-O d6) 6... d5 {
[%emt 0:11:35] Pas trop dans l'esprit de la variante} (6... Nc6 7. Be2 O-O 8.
O-O Bb6 9. Rb1 d5 10. b4 cxb4 11. axb4 dxc4 12. Ba3 Bd7 13. Na4 Rc8 14. b5 Na5
15. Bxf8 Qxf8 16. Ne5 Bc7 17. Nxd7 Nxd7 18. d3 cxd3 19. Qxd3 Nf6 20. Bf3 b6 21.
Rfd1 {Bu Xiangzhi (2644)-Romanishin,O (2572)/Bad Woerishofen 2007/EXT 2008/1-0
(34)}) (6... O-O $142 {Plus souple} 7. d4 (7. Be2 Nc6 8. O-O) 7... d6 8. Be2
Nbd7 9. O-O Qe7 10. b3 Bxc3 11. Qxc3 b6 12. Bb2 Ne4 13. Qc2 f5 14. Nd2 ({RR} 
14. Ne1) 14... Bb7 15. f3 Nxd2 16. Qxd2 e5 17. f4 exd4 18. exd4 Rae8) 7. Na4 $5
{[%emt 0:07:59] Reprenant une vieille idée de Smyslov} dxc4 $146 ({RR} 7... b6 8. Rb1 Na6 ({RR} 8... b5 9. cxb5 c4 10. b3 cxb3 11. Rxb3 O-O
12. Bb2 Ne4 13. Be2 Nd7 14. O-O Bb7 15. Ba1 Rc8 16. Qb2 Ndf6 17. d3 Nc5 18.
Nxc5 Rxc5 19. Qb1 Bb6 20. Bd4 Rc8 21. Rc1 Qd6 22. Rbc3 Nd7 23. Rxc8 {Tal,M 
(2525)-Romero,M (2240)/Seville 1992/CBM 029/[Ribli]/1-0 (34)}) 9. cxd5 Nxd5 10.
Bb5+ Kf8 11. O-O Bb7 12. d4 Rc8 13. dxc5 Nxc5 14. Nxc5 bxc5 15. Rd1 Qc7 16. Bd2
Nf6 17. b4 Be4 18. Bd3 Bxf3 19. gxf3 cxb4 20. Qa4 Nd5 21. axb4 Bb6 22. Rbc1 {
Smyslov,V-Matanovic,A/Monte Carlo 1967/MCD/1-0 (55)}) 8. Bxc4 (8. Nxc5 O-O (8... Qc7 9. Qxc4) 9. Bxc4 ) 8... Nbd7 9. Be2 (9. O-O a6 10. Be2 b5 11.
Nxc5 Nxc5 (11... Qc7 12. b4)) 9... Qe7 10. O-O O-O 11. d4 (11. b4 $5
cxb4 12. Bb2 b5 13. axb4 (13. Bxb5 Bb7 14. axb4 Rac8) 13... Bxb4 14. Bxb5)
11... b6 12. dxc5 (12. e4 {Plus actif malgré
la perte de temps} Bb7 13. e5 Nd5 14. Bg5 $14) 12... bxc5 13. Bd2 (13. b3 Bb7 14. Bb2 Rfd8 15. Rfd1 $11) (13. b4
cxb4 14. Bd2 Bb7 15. Qb3 Bd5) 13... Bxd2 14. Nxd2 Bb7 15. Rac1 Rab8 16. Rfd1 Bd5 17.
f3 Rfc8 18. Ba6 Rd8 19. Be2 (19. e4 Bc6 20. Nc4) 19... Rdc8 20. e4 Bc6 21. Nc3 (21. Nc4 $5) 21... Nb6 22. Nc4 Nxc4 23. Bxc4 Nd7 $1 $11 {[%emt 0:00:17] Les Noirs
n'ont qu'une faiblesse assez facile а protéger} 24. Qf2 h6 25. Rd2 a5 26. Rcd1 a4 27. Qg3 Nb6 28. Ba6 Rd8 29. Qe5 (29. Bf1) 29... c4 $132 30. h3 Be8 31. Rxd8 Rxd8 32. Rxd8 Qxd8 33. Qc5 Qb8 34. Kf2 Nd7 35. Qb5 1/2-1/2

[Event "Rohde op 09th"]
[Site "Sautron"]
[Date "2009.10.25"]
[Round "2"]
[White "Agrest, Evgenij"]
[Black "Philippe, Christophe"]
[Result "1-0"]
[ECO "A17"]
[WhiteElo "2588"]
[BlackElo "2430"]
[Annotator "Primel,D"]
[PlyCount "117"]
[EventDate "2009.10.24"]
[EventType "swiss"]
[EventRounds "9"]
[EventCountry "FRA"]
[SourceTitle "EXT 2010"]
[Source "ChessBase"]
[SourceDate "2010.11.25"]
[SourceVersion "1"]
[SourceVersionDate "2010.11.25"]
[SourceQuality "1"]
[TimeControl "40/6000+30:1800+30"]

1. Nf3 Nf6 2. c4 e6 3. Nc3 Bb4 {La variante Nimzo anglaise souvent jouée par
ADAMS} 4. Qc2 (4. g4 $5 {La dernière mode}) 4... O-O (4... c5) (4... b6) 5. a3
Bxc3 6. Qxc3 b6 7. e3 (7. g3) (7. b4 {[%cal Gc1b2] plus ambitieux}) 7... Bb7 8.
Be2 d6 (8... c5) (8... Ne4) 9. b3 Nbd7 10. Bb2 e5 $1 $11 (10... c5
) 11. d3 (11. O-O Ne4 12. Qc2 f5 $132 {Maksimenko,A (2455)-Timoshenko,G (2480)
Caciulata Calimanesti 1992 0-1}) 11... Re8 12. O-O Nc5 $146 ({RR} 12... c5 13.
Nd2 d5 14. cxd5 Nxd5 15. Qc4 Rc8 16. Ne4 Nf8 17. Bf3 Qd7 18. Ng3 Rc7 19. Rac1
Ng6 20. Rfd1 Kh8 21. a4 f6 22. h3 Rd8 23. Qg4 Qf7 24. Qc4 Qd7 25. h4 Nge7 26.
h5 h6 27. Qh4 {Savon,V (2430)-Khasin,A (2410)/Norilsk 1987/EXT 1997/1-0 (61)})
13. Rad1 (13. b4 $6 Na4) (13. d4 Nce4) 13... Qd7 {[%csl Rd7] Assez douteux
mais le français va ensuite pouvoir exploiter la colonne "e" semi-ouverte avec
ses R pour les faire transiter vers l'aile-roi} (13... Ne6 ) (13...
Qe7 $142 {Semble davantage dans l'esprit de la position.} 14. d4 exd4 15. Nxd4
a5) 14. d4 $1 exd4 (14... Nce4 15. Qc1 Qf5) 15. Nxd4 Re5 $5 16. f3 $1 $14 Rg5 (16... Rae8 17. e4) 17. Kh1 Re8
18. Bc1 Ree5 $5 {si l'attaque noire échoue les R seront
mal placées} 19. Qe1 (19. e4 Nfxe4 $1 $13) 19... Rg6 20. e4 Rh5
21. Bf4 (21. Nf5 $5 {ce Nf5 va ensuite gêner les R noires et en
particulier celle en "h5" qui est trés exposée.}) 21... Ne6 22. Nxe6 Qxe6 23.
Bd3 Nd7 24. e5 $1 Nxe5 25. Bxg6 hxg6 26.
Qe3 f6 27. Rfe1 $16 Kf7 (27... g5 28. Bg3) 28. Rd2 Bc6 29. Bg3 g5 30. Qc3 Rh8
31. b4 Rb8 (31... Qxc4 32. Rc2 (32. Bxe5 $2 Rxh2+ $3 33. Kxh2 Qh4+ 34. Kg1
Qxe1+ ) 32... Qxc3 33. Rxc3 Bb5 34.
Rxc7+ Kg6 35. Rxa7 $18 ) 32. Rde2 Qf5 33. Re3 g4 34. f4 Ng6
35. Qd2 (35. b5 Bb7 36. Kg1) 35... Kg8 36. R3e2 Kh7 37. Kg1 d5 $6 $138 {
la position noire était déjà difficile mais elle sera critique après cet
affaiblissement} 38. cxd5 Bxd5 39. Qc2 Ne7 40. Rc1 {Provoquant
des échanges qui favorisent les blancs} Qxc2 41. Rcxc2 Nf5 42. Rxc7 $40 a6 43. Rd2 Be4 44. Bf2 Kg6 45. Rc3 Rb7
$6 (45... b5) 46. Rc4 $18 Re7 47. Re2 Bd3 48. Rxe7 Bxc4 49. Ra7 b5 50. Bc5 Nh4
51. Rxa6 Kf5 52. Rd6 Ng6 53. g3 Nf8 54. Kf2 Ne6 55. Ke3 g5 56. Bd4 gxf4+ 57.
gxf4 Bb3 58. Rb6 Ba4 59. Bc3 1-0

[Event "Plancoet op-A 10th"]
[Site "Plancoet"]
[Date "2013.07.30"]
[Round "4"]
[White "Jianu, Vlad Cristian"]
[Black "Mladenov, Plamen"]
[Result "1-0"]
[ECO "A17"]
[WhiteElo "2560"]
[BlackElo "2405"]
[Annotator "RR"]
[PlyCount "111"]
[EventDate "2013.07.28"]
[EventType "swiss"]
[EventRounds "9"]
[EventCountry "FRA"]
[SourceTitle "EXT 2017"]
[Source "ChessBase"]
[SourceDate "2016.10.25"]
[SourceVersion "1"]
[SourceVersionDate "2016.10.25"]
[SourceQuality "1"]
[TimeControl "40/5400+30:1800+30"]

1. Nf3 Nf6 2. c4 c5 3. g3 b6 4. Bg2 Bb7 5. O-O e6 6. Nc3 Be7 7. Re1 Ne4 (7...
d5) 8. Nxe4 (8. Qc2) 8... Bxe4 9. d3 Bb7 10. e4 d6 (10... O-O) (10... Nc6) 11.
d4 cxd4 12. Nxd4 O-O 13. b3 (13. a4 $5 a6 14. a5 $14 {Akhmetov,A (2438)
-Mirzoev,A (2438) St Petersburg White Nights 2000 (1) 0-1} (14. b3 $5 )) 13... a6 14. Ba3 (14. Bb2 Nd7 15. e5 Bxg2 16. exd6 Bxd6 17.
Kxg2 Qc7 18. Qe2 Nf6 19. Nf3 Be7 20. Nd4 Bd6 21. Nf3 Be7 22. Ne5 Bd6 23. Nd3
Be7 24. Rad1 Rfd8 25. h3 h6 26. Ne5 Rxd1 27. Rxd1 Rd8 28. Rxd8+ Bxd8 29. Qf3
Qc8 30. Qc6 Qxc6+ 31. Nxc6 {1/2-1/2 (31) Iturrizaga Bonelli,E (2649)-Bruzon
Batista,L (2691) Santo Domingo 2012}) 14... Qc7 15. Qd2 Nc6 $146 (15... Nd7 16. Rad1 Rfd8 17. Bb4 Nc5 18. Qe3 Bf8 19. f4 Rac8 20. f5 e5
21. Ne2 a5 22. Bd2 Nxe4 23. Bxe4 d5 24. Nc3 dxe4 25. Qe2 Bc5+ 26. Be3 Bb4 27.
Nb5 Qe7 28. Rxd8+ Rxd8 29. Rd1 Bc5 30. Rxd8+ Qxd8 31. Bxc5 bxc5 32. h4 g6 33.
Qf1 e3 34. fxg6 hxg6 35. Qe2 Qd2 {0-1 (35) Guilleux,F (2397)-Terrieux,K (2360)
Pau 2008}) 16. Rad1 Nxd4 17. Qxd4 Rfd8 18. Re2 {Un fort coup multifonction qui
permet non seulement de doubler les R mais aussi d'anticiper la protection du
P après l'ouverture de la colonne "a"} b5 $1 19. cxb5 axb5 20. Bb4 $14 Bf8 21.
Red2 Rac8 22. h4 $1 Qc6 23. Kh2 (23. h5 h6 (23... f5
24. h6 e5 25. Qe3 g6 (25... fxe4 26. Bh3 Rc7 27. Be6+ Kh8 28. Ba5) 26. f4 fxe4 27. Bh3 Bxh6 28. Be6+ Kh8 29. Bxd6 ) 24. f4)
23... f5 24. Re2 fxe4 25. Bxe4 d5 {Le centre Noir va perdre sa souplesse
après ce coup et les Noirs commencent à souffrir} 26. Bg2 (26. Bd3 ) 26... Bxb4 27. Qxb4 Rc7 28. Rde1 (28. Bh3 $5) 28... Bc8 29. Bh3 $36 Qc5
30. Qxc5 Rxc5 31. Kg2 Bb7 32. Bxe6+ Kf8 33. Bg4 d4+ 34. Bf3 Bxf3+ 35. Kxf3 Rc3+
36. Kg2 b4 37. Rd2 d3 38. Kf3 Rc2 39. Rxc2 dxc2 40. Rc1 Rc8 41. Ke2 Rc3 42. Kd2
Rf3 43. Rf1 Kf7 44. Kxc2 Kf6 45. Kd2 (45. Kb2 ) 45... Kf5 46. Ke2
Rc3 47. Rd1 Ke4 48. Rd7 Rc2+ 49. Kf1 h5 50. Rb7 Rxa2 51. Rxb4+ {Les blancs ont
réussi à se débarasser de la faiblesse "a2" et le gain est assez facile à
réaliser} Kf5 52. Rb5+ Kg6 53. Rg5+ (53. Kg2 Rb2) 53... Kh6 54. b4 Rb2 55. b5
g6 56. f4 1-0

[Event "Tata Steel-A 79th"]
[Site "Wijk aan Zee"]
[Date "2017.01.24"]
[Round "9"]
[White "Nepomniachtchi, Ian"]
[Black "Harikrishna, Pentala"]
[Result "1/2-1/2"]
[ECO "A17"]
[WhiteElo "2767"]
[BlackElo "2766"]
[Annotator "Ramirez Alvarez,A"]
[PlyCount "157"]
[EventDate "2017.01.14"]
[EventType "tourn"]
[EventRounds "13"]
[EventCountry "NED"]
[EventCategory "21"]
[SourceTitle "CBM 177"]
[Source "ChessBase"]
[SourceDate "2017.03.16"]
[SourceVersion "1"]
[SourceVersionDate "2017.03.16"]
[SourceQuality "1"]
[TimeControl "40/6000+30:20/3000+30:900+30"]

1. Nf3 Nf6 2. c4 c5 3. Nc3 d5 4. cxd5 Nxd5 5. e3 e6 6.
Nxd5 (6. Bc4 Nc6 7. O-O Be7 8. d4 O-O 9. Bxd5 exd5 10. dxc5
Be6 11. b3 Bxc5 12. Bb2 Re8 13. Rc1 Bf8 14. Nd4 Nxd4 15. Qxd4 Qa5 16. Qd3 Rac8
17. Qb5 Qxb5 18. Nxb5 Rxc1 19. Rxc1 a6 20. Nd4 Rc8 21. Rxc8 Bxc8 22. Kf1 f6 23.
Ke2 Kf7 24. f3 h5 25. h4 Bc5 26. Bc3 Bxd4 27. Bxd4 Bd7 28. a4 g5 29. g3 gxh4
30. gxh4 Bh3 31. Kf2 Ke6 32. a5 Kf7 33. b4 Bd7 34. Ke2 Ke6 35. Kf2 Kf7 {
Tomashevsky,E (2724)-Svidler,P (2745) Novosibirsk 2016 1/2-1/2}) 6... exd5 7. b4 $5 c4 8. Bb2 Bxb4 9. Bxg7 {[%emt 0:02:23] Can't say you see this
very often!} Rg8 10. Be5 $146 (10. Bb2 Nc6
11. Qc2 Rg6 12. Be2 Qe7 13. g3 Bh3 14. Nh4 O-O-O 15. a3 Ba5 16. Nxg6 fxg6 17.
Bc3 Bb6 18. d4 cxd3 19. Bxd3 Kb8 20. O-O-O Rf8 21. Rd2 Qxa3+ 22. Qb2 Qe7 23.
Kb1 Bc5 24. Ka1 Be6 25. Rb1 Rc8 26. Bf6 Qd7 27. Bb5 Bf5 28. Rc1 Qd6 29. Rc3 Ka8
30. Rd1 Bb4 31. Rb3 Qc5 32. Bd3 Be6 33. Bd4 Qa5+ 34. Kb1 Rc7 35. Rc1 Bd6 36. f4
Re7 37. Bf6 Rd7 38. Be5 Nxe5 39. Rc8+ Bb8 {Anton Guijarro,D (2626)-Salem,A 
(2615) Martuni 2015 1-0}) 10... Nc6 11. Bg3 Bf5 12. Be2 Be7 13. O-O h5 14. d3 h4 15. Bf4 d4 16. exd4 Nxd4 17. dxc4 Nxe2+ 18. Qxe2 Bd3 19. Qe5 Bxf1 20. Rxf1 Rc8 21. Re1 Rc6 22. Nd4 Rcg6 23. g3 hxg3 24. hxg3 Kf8 25. Rd1 Qd7 26. Rd2 Rf6 27. Qh5 (27. Nf5 $3 Rxf5 (27... Qe8 28.
Re2 {and the pin is fatal, though Bh6+ was also good enough.}) (27... Qxf5 28.
Bh6+ Rxh6 (28... Ke8 29. Qb8+ {is mate}) 29. Qxf5 $18) 28. Bh6+ Ke8 29. Qb8+ {
picks up the queen and the game} Qd8 30. Rxd8+ Bxd8 31. Qxb7 $18) 27... a6 28. Bg5 Rd6 29. Bh6+ Ke8 30. Qe5 b6 31. a4 Qb7 32. Bf4 Rd7 33. Nf5 Rxd2 34. Bxd2 Rg6 35. Bb4 Re6 36. Ng7+ Kd7 37. Qd4+ Rd6 38. Bxd6 Bxd6 39. Nf5 $6 (39. Qf6 $1 {and Black can't defend the f7 pawn, this should
be good enough to win.}) 39... Qc6 40. Qf6 Bc5 $1 41. Qxf7+ Kc8 42.
Qg8+ Kb7 43. Qg7+ Kc8 44. Qh8+ Kb7 45. Qh7+ Kb8 46. g4 Qxa4 47. Qh2+ Kb7 48. Qf4 a5
$1 {[%emt 0:03:40][%csl Ga5][%cal Ga5a1] Black's a-pawn is just a bouot enough
counterplay to hold the balance. The endgame is still incredibly complicated,
but with correct play Black is fine.'} 49. g5 Qc6 50. Nd4 Qg6 51. Nb5 Qg7 52. Kg2 a4 53. Qf3+ Kb8 54. Qg3+ Kc8 55. g6 a3 56. Nd6+ Kd7 57. Nf5 Qg8 58. g7 a2 59. Qg4 a1=Q 60.
Nh6+ Qe6 61. Qxe6+ Kxe6 62. g8=Q+ Kd7 63. Qf7+ Kc6 64. Ng4 Qd4 65. Qf5 Bd6 66. Ne3 Qg7+ 67. Kf1 Bc5 68. Qc8+ Qc7 69. Qe6+ Kb7 70. Qe4+ Qc6 71. Nd5 b5 72. Qh7+ Ka6 73. Qe4 Ka7 74. Qh7+ Ka6 75. Nc7+ Ka5 76. Nxb5 Qf3 77. Qc2 Kb4 78. Qd2+ Kxc4 79. Qe2+ 1/2-1/2

[Event "Match/Team URS-World 20,5-19,5"]
[Site "Belgrade"]
[Date "1970.03.31"]
[Round "2.6"]
[White "Smyslov, Vassily V"]
[Black "Reshevsky, Samuel Herman"]
[Result "1-0"]
[ECO "A17"]
[WhiteElo "2620"]
[BlackElo "2590"]
[Annotator "Smyslov/Reshevsky"]
[PlyCount "125"]
[EventDate "1970.03.29"]
[EventType "team"]
[EventRounds "4"]
[EventCountry "YUG"]
[SourceTitle "MCL"]
[Source "ChessBase"]
[SourceDate "1999.07.01"]
[SourceVersion "1"]
[SourceVersionDate "1999.07.01"]
[SourceQuality "1"]
[WhiteTeam "Soviet Union"]
[BlackTeam "World"]
[WhiteTeamCountry "URS"]
[TimeControl "40/9000:16/5400:0"]

1. c4 Nf6 2. Nc3 e6 3. Nf3 b6 4. e4 (4. g3 Bb7 5. Bg2 {Smyslov=:S}) 4... Bb7 5.
d3 d6 (5... c5 6. e5 Ng8 {Reshevsky=:R}) 6. g3 Be7 7. Bg2 O-O 8. O-O c5 9. h3
Nc6 ({Pertinent:} 9... Na6 10. Ng5 h6 11. Nf3 Nc7 12. Be3 d5 13. e5 Nd7 14. Bf4
d4 15. Ne4 Bxe4 16. dxe4 b5 17. cxb5 Nxb5 18. Qd3 Rb8 19. a4 Nc7 20. Rfb1 Qc8
21. b4 cxb4 22. Nxd4 Na6 23. h4 Nac5 24. Qe3 Qb7 25. Bf1 a6 26. f3 Rfc8 27. g4
b3 28. Bc4 b2 29. Ra2 Qb4 30. Raxb2 Qxc4 31. Nc6 Rxc6 32. Rxb8+ Nxb8 33. Rxb8+
Kh7 34. Re8 Bxh4 35. g5 Nd3 36. Kh2 Nxf4 37. Qxf4 Qf1 {0-1 (37) Hostalet
Ferrer,P-Timman,J Groningen 1968}) 10. d4 $1 {S} cxd4 $6 $14 {R} (10... e5 $142
{S/R}) 11. Nxd4 {P 12.e5 R} Rc8 12. Nxc6 Bxc6 13. Bf4 $146 (13. Qe2 Qc7 14. b3
Qb7 15. Rd1 a6 16. a4 Nd7 17. Bb2 a5 18. Nb5 Nc5 19. Qg4 e5 20. Nxd6 Bxd6 21.
Rxd6 f6 22. Rad1 f5 23. Qg5 Bxe4 24. Bxe5 Bxg2 25. Rd7 Ne6 26. Rxb7 Bxb7 27.
Qe7 {1-0 (27) Evans,L-Foguelman,A Buenos Aires 1960}) 13... Qc7 14. Qe2 a6 $2 {
R} (14... Nd7 $10 {R}) 15. Rac1 Rfd8 16. Rfd1 Qa7 (16... Qb7 $2 17. b4 b5 18.
a4 bxa4 19. b5 {R}) 17. a4 $16 {S/R} e5 $2 {R} (17... h6 $142 {P 18... e5 R})
18. Bg5 a5 19. Nb5 Qb8 (19... Bxb5 20. cxb5 Rc5 21. Be3 Rxc1 22. Rxc1 {P c6 S})
20. h4 $1 {S} h6 21. Bxf6 Bxf6 22. Nc3 $1 {S} (22. Bh3 Bxb5 23. Bxc8 (23. cxb5
Rc5) 23... Bxa4 24. b3 Bxb3 25. Rd3 a4 $44 {S/R}) 22... Be7 23. Bh3 Rc7 24. Rd3
Bb7 25. b3 Bc6 26. Rcd1 Bf8 27. Qe3 Qb7 28. Kh2 Kh8 29. h5 $1 {S} Kg8 30. Bf5
Qb8 31. Qf3 Re7 32. Qg4 Qc7 33. Rf3 Ree8 34. Rc1 Re7 (34... Qe7 35. Nd5 Bxd5
36. cxd5 $16 {S}) 35. Nd5 Bxd5 36. exd5 {P 37. b1 38. e4 S/R} e4 37. Bxe4 Re5
38. Bd3 Rde8 39. Kg2 Qe7 $2 {R} (39... Rg5 40. Qh3 Ree5 {R} 41. Bf5 Rxd5 42.
cxd5 Qxc1 43. Be6 $1 $18 {S}) 40. Rf5 Re1 $4 {R} (40... Qc7 41. Rxe5 Rxe5 42.
f4 Re3 43. Qf5 g6 44. hxg6 fxg6 45. Qxg6+ Qg7 {R}) 41. Rxe1 Qxe1 42. Rf3 {
P 43. f5 +- S} Qe7 (42... Qe5 43. Re3 $18 {S}) (42... Re5 43. Qd7 f6 44. Rxf6
Re7 45. Bh7+ Kxh7 46. Qf5+ $18 {S}) 43. Qf5 g6 44. hxg6 f6 45. Qxf6 Bg7 46.
Qf7+ Kh8 47. Qxe7 Rxe7 48. Rf4 Kg8 49. Rh4 Re5 50. Kf3 h5 51. Rf4 Re8 52. Bf5
Bf6 53. Bd7 Rf8 54. Rf5 h4 55. gxh4 Bxh4 56. Be6+ Kg7 57. Bf7 Rh8 58. Kg4 Bf6
59. Rf3 Rh1 60. Kf5 Re1 61. Re3 Rf1 62. Ke6 Bd4 (62... Be5 63. Rxe5 dxe5 64. d6
Rxf2 65. d7 Rd2 66. Ke7 $18 {S}) 63. Kxd6 1-0